 Dungeon Crawl Stone Soup version 0.31-a0-221-gbddc013574 (webtiles) character file.

Game seed: 3713575195984426844

56 qw the Chopper (level 3, 0/23 HPs)
             Began as a Gargoyle Fighter on July 4, 2023.
             Slain by a gnoll
             ... wielding a +0 spear
              (8 damage)
             ... on level 2 of the Dungeon.
             The game lasted 00:00:31 (796 turns).

qw the Chopper (Gargoyle Fighter)                    Turns: 796, Time: 00:00:32

Health: 0/23       AC: 10    Str: 21    XL:     3   Next: 97%
Magic:  3/3        EV:  9    Int:  8    God:
Gold:   64         SH:  4    Dex:  9    Spells: 2/2 levels left

rFire   . . .        Y - +0 war axe
rCold   . . .        c - +0 buckler
rNeg    + . .        b - +0 scale mail
rPois   inf          (no helmet)
rElec   +            (no cloak)
rCorr   .            (no gloves)
SInv    .            (no boots)
Will    .....        (no amulet) Stlth
                     (no ring)
HPRegen 0.23/turn    (no ring)
MPRegen 0.08/turn

%: no passive effects
@: no status effects
A: sickness immunity, AC +3, negative energy resistance 1, electricity
resistance, torment resistance 1, petrification resistance
a: no special abilities


You were on level 2 of the Dungeon.
You visited 1 branch of the dungeon, and saw 2 of its levels.

You collected 64 gold pieces.


Innate Abilities, Weirdness & Mutations

You are immune to sickness and miasma.
Your stone body is resilient. (AC +3)
You are immune to poison.
You resist negative energy. (rN+)
You are resistant to electric shocks. (rElec)
You are resistant to unholy torment.
You are immune to petrification.


   Skills:
 - Level 3.2 Fighting
 + Level 3.7 Axes
 - Level 3.2 Armour
 - Level 3.2 Shields


You had 2 spell levels left.
You didn't know any spells.
Your spell library was empty.

Inventory:

Hand Weapons
 Y - a +0 war axe (weapon)
Armour
 b - a +0 scale mail (worn)
 c - a +0 buckler (worn)
Scrolls
 l - a scroll of identify
Potions
 a - 2 potions of magic {unknown}
 d - a potion of might
 g - a potion of curing {unknown}
 h - 2 potions of haste {unknown}
 j - 2 potions of heal wounds {unknown}

Dungeon Overview and Level Annotations

Branches:
Dungeon (2/15)

Altars:

Shops:
D:2 !


Message History

A gnoll comes into view. It is wielding a +0 spear.
The gnoll shouts!
Enter note: An endoplasm and a gnoll come into view.
The gnoll is wielding a +1 spear of venom.
The endoplasm quivers.
Enter note: You hit the gnoll.
The gnoll is heavily wounded.
You slash the gnoll!
You kill the gnoll!
You block the gnoll's attack. You block the gnoll's attack.
The gnoll hits you but does no damage.
Enter note: You barely miss the gnoll.
The gnoll hits you from afar with a +0 spear.
The gnoll hits you but does no damage.
You hit the gnoll.
The gnoll is heavily wounded.
The gnoll hits you from afar with a +0 spear.
The gnoll hits you but does no damage.
You slash the gnoll!
You kill the gnoll!
The gnoll barely misses you.
The gnoll hits you from afar with a +0 spear!
A dart slug comes into view.
The gnoll hits you with a +0 spear.
Things that are here:
a +1 spear of venom; a gnoll corpse
Enter note: You hit the gnoll.
The gnoll is moderately wounded.
You block the gnoll's attack.
You hit the gnoll.
The gnoll is severely wounded.
The gnoll barely misses you.
You barely miss the gnoll.
The gnoll is severely wounded.
You block the gnoll's attack. The gnoll hits you with a +0 spear!
You die...

#. #.7 ..##
#7\7. .w.. ..
7bJ# ...
#g######## ....
#.@....... ....#
#..#######
.....##).#######
#.............
#........(.###
#.###..###.# ..
#.## #.# # #.#
#.# #.# #.#


You could see a gnoll, a dart slug, an endoplasm and a bat.

Vanquished Creatures
  An adder (D:2)
  2 gnolls (D:2)
  A bat (D:1)
  A giant cockroach (D:1)
  A goblin (D:2)
  6 hobgoblins
  3 jackals (D:1)
  2 quokkas (D:1)
  A ball python (D:1)
  3 frilled lizards
  3 kobolds (D:1)
  2 rats (D:1)
26 creatures vanquished.

Notes
Turn   | Place    | Note
-------+----------+-------------------------------------------
     0 | D:1      | qw the Gargoyle Fighter began the quest for the Orb.
     0 | D:1      | Reached XP level 1. HP: 14/14 MP: 1/1
     0 | D:1      | 0 ||| qw: Version: 0.3-a-41-g9d075ac
     0 | D:1      | 0 ||| qw: Game counter: 823
     0 | D:1      | 0 ||| qw: Melee chars always use a shield: true
     0 | D:1      | 0 ||| qw: God list: Okawaru
     0 | D:1      | 0 ||| qw: Allow faded altars: false
     0 | D:1      | 0 ||| qw: Do Orc after clearing Dungeon:15 true
     0 | D:1      | 0 ||| qw: Do second Lair branch before Depths: true
     0 | D:1      | 0 ||| qw: Lair rune preference: random
     0 | D:1      | 0 ||| qw: Goals: Normal, Zot:1-4, Slime:5, God:TSO, Crypt,
                  | Tomb, Abyss, Pan, Hells, Win
     0 | D:1      | 0 ||| PLANNING D:1-11
    42 | D:1      | 42 ||| Stepping ~*~*~tactically~*~*~ (stealth).
    44 | D:1      | 44 ||| Stepping ~*~*~tactically~*~*~ (stealth).
    58 | D:1      | Reached XP level 2. HP: 19/19 MP: 2/2
   298 | D:1      | 298 ||| Stepping ~*~*~tactically~*~*~ (hiding).
   360 | D:1      | 360 ||| Stepping ~*~*~tactically~*~*~ (stealth).
   519 | D:1      | Reached skill level 3 in Axes
   528 | D:1      | 528 ||| Stepping ~*~*~tactically~*~*~ (stealth).
   577 | D:1      | 577 ||| READING scroll labelled IGALASO PARI.
   578 | D:1      | 578 ||| READING scroll labelled AGISOD IGI JUOLA.
   583 | D:1      | 583 ||| READING scroll labelled LOSSA KOEDWAAQ.
   584 | D:1      | 584 ||| READING 3 scrolls labelled WUSKYTO TUTS.
   585 | D:1      | 585 ||| READING 2 scrolls of identify.
   585 | D:1      | 585 ||| IDENTIFYING yellow potion
   586 | D:1      | 586 ||| DROPPING potion of degeneration.
   639 | D:2      | Reached XP level 3. HP: 23/23 MP: 3/3
   691 | D:2      | 691 ||| Stepping ~*~*~tactically~*~*~ (stealth).
   693 | D:2      | 693 ||| Stepping ~*~*~tactically~*~*~ (hiding).
   717 | D:2      | 717 ||| Stepping ~*~*~tactically~*~*~ (stealth).
   779 | D:2      | 779 ||| Stepping ~*~*~tactically~*~*~ (stealth).
   785 | D:2      | Found Ulemm's Distillery.
   796 | D:2      | Slain by a gnoll

Levels and vault maps discovered:
D:1:      tarquinn_simple_flora_water_f, layout_rooms
D:2:      layout_loops_ring, serial_shops, nicolae_shop_trees

Skill      XL: |  1  2 |
---------------+-------+-----
Axes           | 2 3 |  3.7
Fighting       | |  3.2
Armour         | |  3.2
Shields        | |  3.2

Action                     || total
---------------------------++-------
  Melee: War axe           ||    83
    Use: Scroll            ||     5
 Armour: Scale mail        ||    51
  Dodge: Dodged            ||    33
  Block: Buckler           ||    16

Table legend:
 A = Non-vault XP
 B = Vault XP
 C = Vault XP percentage of total XP
 D = Non-vault monster count
 E = Vault monster count
 F = Vault count percentage of total count
                 A         B        C        D         E       F
            +---------+---------+-------+---------+---------+-------
      Total |      81 |       0 |   0.0 |      26 |       0 |   0.0
            +---------+---------+-------+---------+---------+-------
        D:1 |      31 |       0 |   0.0 |      19 |       0 |   0.0
        D:2 |      50 |       0 |   0.0 |       7 |       0 |   0.0
            +---------+---------+-------+---------+---------+-------
